 Dungeon Crawl Stone Soup version 0.31-a0-819-gf6de2f5ab6 (webtiles) character file.

Game seed: 12797250994320613468

243 qw the Shooter (level 6, -9/38 HPs)
             Began as a Gargoyle Hunter on Sept 23, 2023.
             Killed from afar by a steam dragon (12 damage)
             ... with a ball of steam
             ... on level 4 of the Dungeon.
             The game lasted 00:01:01 (1736 turns).

qw the Shooter (Gargoyle Hunter)                    Turns: 1736, Time: 00:01:01

Health: -9/38      AC: 10    Str: 15    XL:     6   Next: 9%
Magic:  6/6        EV: 11    Int:  9    God:
Gold:   209        SH:  0    Dex: 15    Spells: 5/5 levels left

rFire   . . .        Y - +0 shortbow
rCold   . . .        (shield currently unavailable)
rNeg    + . .        d - +0 ring mail
rPois   inf          (no helmet)
rElec   +            (no cloak)
rCorr   .            (no gloves)
SInv    .            f - +0 pair of boots
Will    +....        (no amulet)
Stlth   +            m - ring of willpower
HPRegen 0.26/turn    (no ring)
MPRegen 0.10/turn

%: no passive effects
@: about to teleport
A: sickness immunity, AC +4, negative energy resistance 1, electricity
resistance, torment resistance 1, petrification resistance
a: no special abilities


You were on level 4 of the Dungeon.
You visited 1 branch of the dungeon, and saw 4 of its levels.

You collected 209 gold pieces.


Innate Abilities, Weirdness & Mutations

You are immune to sickness and miasma.
Your stone body is resilient. (AC +4)
You are immune to poison.
You resist negative energy. (rN+)
You are resistant to electric shocks. (rElec)
You are resistant to unholy torment.
You are immune to petrification.


   Skills:
 - Level 4.0 Fighting
 + Level 6.2 Ranged Weapons
 - Level 1.2 Armour
 - Level 1.5 Dodging
 - Level 1.1 Stealth


You had 5 spell levels left.
You didn't know any spells.
Your spell library was empty.

Inventory:

Hand Weapons
 Y - a +0 shortbow (weapon)
Armour
 d - a +0 ring mail (worn)
 f - a +0 pair of boots (worn)
Jewellery
 m - a ring of willpower (left hand)
Scrolls
 g - 2 scrolls of teleportation
 h - 2 scrolls of identify
 i - a scroll of immolation {unknown}
Potions
 a - a potion of lignification {unknown}
 b - a potion of enlightenment {unknown}
 c - a potion of berserk rage {unknown}
 e - a potion of heal wounds {unknown}
 k - a potion of haste
 l - a potion of curing

Dungeon Overview and Level Annotations

Branches:
Dungeon (4/15)
 Temple: D:4-7

Altars:
Nemelex Xobeh
Ru
Uskayaw
The Shining One

Annotations:
D:4 1 runed translucent door, Crazy Yiuf


Message History

You have reached level 6!
You start resting.
HP restored. 3 orcs come into view.
Found a potion of curing.
The orc shouts! x3
A steam dragon comes into view.
You shoot an arrow. The arrow barely misses the orc.
You shoot an arrow. The arrow hits the orc!
You kill the orc!
You shoot an arrow. The arrow hits the orc.
The orc is heavily wounded.
You shoot an arrow. The arrow hits the orc!
You kill the orc!
You shoot an arrow. The arrow hits the orc.
The orc is almost dead.
The steam dragon breathes steam at you.
The ball of steam hits the orc.
The orc dies!
The ball of steam hits you!
You shoot an arrow. The arrow hits the steam dragon!
The steam dragon is moderately wounded.
You are engulfed in a cloud of scalding steam.
The steam dragon breathes steam at you. The ball of steam hits you!!
Ouch! That really hurt!
You shoot an arrow. The arrow hits the steam dragon.
The steam dragon is moderately wounded.
You are engulfed in a cloud of scalding steam.
You shoot an arrow. The arrow hits the steam dragon.
The steam dragon is heavily wounded.
You are engulfed in a cloud of scalding steam.
The steam dragon bites you but does no damage.
The steam dragon claws you.
1736 ||| READING 3 scrolls of teleportation.
As you read the scroll of teleportation, it crumbles to dust.
You feel strangely unstable. The steam dragon breathes steam at you.
The ball of steam hits you!
You die...

.............#######
#...........##.....##
....................##
.........:...........#
.........>...........#
.....................#
.....¤¤..............#
.....................#
....)¤D@¤¤...........#
..)..#....###....#####
..! ##...# ##..## .
##### 7.P.P7 7...77
77.77 7.77 77.7 7.77


You could see a steam dragon (catching breath).

Vanquished Creatures
  A jelly (D:4)
  A hound (D:2)
  An orc priest (D:4)
  Jessica (D:3)
  An iguana (D:4)
  3 adders
  A worm (D:2)
  2 dart slugs
  3 orcs
  5 endoplasms
  6 giant cockroaches
  5 goblins
  4 hobgoblins
  2 quokkas
  6 ball pythons
  8 bats
  6 frilled lizards
  7 kobolds
  8 rats
71 creatures vanquished.

Vanquished Creatures (others)
  An orc (D:4)
1 creature vanquished.

Grand Total: 72 creatures vanquished

Notes
Turn   | Place    | Note
-------+----------+-------------------------------------------
     0 | D:1      | qw the Gargoyle Hunter began the quest for the Orb.
     0 | D:1      | Reached XP level 1. HP: 12/12 MP: 1/1
     0 | D:1      | 0 ||| qw: Version: 0.3-a-83-gcd0e7d8
     0 | D:1      | 0 ||| qw: Game counter: 1516
     0 | D:1      | 0 ||| qw: Melee chars always use a shield: true
     0 | D:1      | 0 ||| qw: God list: Okawaru
     0 | D:1      | 0 ||| qw: Allow faded altars: false
     0 | D:1      | 0 ||| qw: Do Orc after clearing Dungeon:15 true
     0 | D:1      | 0 ||| qw: Do second Lair branch before Depths: true
     0 | D:1      | 0 ||| qw: Lair rune preference: random
     0 | D:1      | 0 ||| qw: Goals: Normal
     0 | D:1      | 0 ||| PLANNING D:1-11
    97 | D:1      | Reached XP level 2. HP: 17/17 MP: 2/2
   290 | D:1      | Reached XP level 3. HP: 21/21 MP: 3/3
   328 | D:1      | Reached skill level 5 in Ranged Weapons
   547 | D:1      | 547 ||| UPGRADING to +0 ring mail.
   557 | D:1      | 557 ||| DROPPING +0 leather armour.
   558 | D:1      | 558 ||| UPGRADING to ring of willpower.
   559 | D:1      | 559 ||| READING 3 scrolls labelled LASTRE HAUTINT.
   575 | D:1      | 575 ||| READING scroll labelled CACKAYFASI.
   676 | D:1      | 676 ||| READING 2 scrolls labelled NOYCRU NARA.
   679 | D:1      | 679 ||| READING scroll labelled BOFOWA DICW.
   680 | D:1      | 680 ||| READING scroll labelled OSUPPO DUASE.
   681 | D:1      | 681 ||| READING scroll labelled RULAOG SOMO.
   682 | D:1      | 682 ||| DRINKING 3 fizzy clear potions.
   683 | D:1      | 683 ||| DROPPING 2 scrolls of torment.
   684 | D:1      | 684 ||| DROPPING scroll of butterflies.
   685 | D:1      | 685 ||| DROPPING 2 potions of degeneration.
   783 | D:2      | Reached skill level 1 in Armour
   838 | D:2      | Reached XP level 4. HP: 27/27 MP: 4/4
   849 | D:2      | Reached skill level 3 in Fighting
   912 | D:2      | Identified the +7 quarterstaff of a Thousand Wonders {elec,
                  | Str+3}
  1093 | D:2      | 1093 ||| UPGRADING to +0 pair of boots.
  1098 | D:2      | 1098 ||| READING scroll labelled RUCWUG QEUH.
  1099 | D:2      | 1099 ||| READING scroll labelled DISOJUM EPTAX.
  1100 | D:2      | 1100 ||| READING scroll labelled IKIYQO GORPHA.
  1101 | D:2      | 1101 ||| DRINKING 2 metallic puce potions.
  1118 | D:3      | 1118 ||| STAIRDANCE
  1129 | D:3      | 1129 ||| STAIRDANCE
  1161 | D:3      | 1161 ||| STAIRDANCE
  1195 | D:3      | Found a hide-covered altar of Uskayaw.
  1201 | D:3      | Found a sparkling altar of Nemelex Xobeh.
  1257 | D:3      | Reached XP level 5. HP: 32/32 MP: 5/5
  1325 | D:3      | Found a sacrificial altar of Ru.
  1325 | D:3      | Noticed Jessica
  1329 | D:3      | Killed Jessica
  1423 | D:3      | Found a glowing golden altar of the Shining One.
  1519 | D:3      | 1519 ||| DRINKING 2 fizzy silvery potions.
  1556 | D:4      | Reached skill level 6 in Ranged Weapons
  1642 | D:4      | Found a runed translucent door.
  1643 | D:4      | Noticed Crazy Yiuf
  1662 | D:4      | Reached XP level 6. HP: 21/38 MP: 6/6
  1727 | D:4      | Noticed a steam dragon
  1735 | D:4      | HP: 8/38 [steam dragon] (3)]
  1735 | D:4      | HP: 3/38 [steam dragon (5)]
  1736 | D:4      | 1736 ||| READING 3 scrolls of teleportation.
  1736 | D:4      | Killed from afar by a steam dragon

Levels and vault maps discovered:
D:1:      dpeg_arrival_ratfight, layout_basic, minmay_split_cup_large
D:2:      layout_rooms
D:3:      layout_rooms, amcnicky_altar_gilded,
          mainiacjoe_overflow_large_starburst, old_standard_altar, uniq_jessica
D:4:      layout_rooms, nicolae_overflow_crystal_walls, dk_noncrumbling_3,
          interstate_on_off, kennysheep_generic_room_4, uniq_crazy_yiuf_cottage

Skill      XL: |  1  2  3  4  5 |
---------------+----------------+-----
Ranged Weapons | 5 6 |  6.2
Armour         | 1 |  1.2
Fighting       | 3 4 |  4.0
Dodging        | |  1.5
Stealth        | |  1.1

Action                     |  1- 3 |  4- 6 || total
---------------------------+-------+-------++-------
   Fire: Shortbow          |   151 |    87 ||   238
    Use: Scroll            |     6 |     4 ||    10
         Potion            |     1 |     2 ||     3
 Armour: Leather armour    |    26 |       ||    26
         Ring mail         |    12 |    37 ||    49
  Dodge: Dodged            |    41 |    18 ||    59

Table legend:
 A = Non-vault XP
 B = Vault XP
 C = Vault XP percentage of total XP
 D = Non-vault monster count
 E = Vault monster count
 F = Vault count percentage of total count
                 A         B        C        D         E       F
            +---------+---------+-------+---------+---------+-------
      Total |     302 |      46 |  13.2 |      62 |      10 |  13.9
            +---------+---------+-------+---------+---------+-------
        D:1 |      36 |       9 |  20.0 |      23 |       9 |  28.1
        D:2 |     105 |       0 |   0.0 |      22 |       0 |   0.0
        D:3 |      29 |      37 |  56.1 |       9 |       1 |  10.0
        D:4 |     132 |       0 |   0.0 |       8 |       0 |   0.0
            +---------+---------+-------+---------+---------+-------
